 Dungeon Crawl Stone Soup version 0.31.0-12-g77e489cdc1 (webtiles) character file.

Game seed: 1568071482074823993

273 Chiseanne the Trooper (level 6, -2/49 HPs)
             Began as a Demonspawn Wanderer on Feb 16, 2024.
             Incinerated by a bombardier beetle (5 damage)
             ... with a burning spray
             ... on level 3 of the Dungeon.
             The game lasted 00:04:03 (2112 turns).

Chiseanne the Trooper (Demonspawn Wanderer)         Turns: 2112, Time: 00:04:04

Health: -2/49      AC: 10    Str: 13    XL:     6   Next: 2%
Magic:  6/6        EV: 11    Int: 10    God:
Gold:   94         SH:  0    Dex: 16    Spells: 5/5 levels left

rFire   . . .        a - +1 dagger (elec)
rCold   . . .        (no shield)
rNeg    . . .        l - +0 ring mail
rPois   .            d - +0 helmet
rElec   .            (no cloak)
rCorr   .            n - +0 pair of gloves
SInv    .            (no boots)
Will    .....        (no amulet)
Stlth   +            (no ring)
HPRegen 0.28/turn    (no ring)
MPRegen 0.10/turn

%: no passive effects
@: on fire, glowing
A: icy blue scales 2, powered by pain 1, demonic touch 1
a: no special abilities


You were on level 3 of the Dungeon.
You visited 1 branch of the dungeon, and saw 3 of its levels.

You collected 94 gold pieces.

Inventory:

Hand Weapons
 a - a +1 dagger of electrocution (weapon)
 f - a +2 dagger
Missiles
 b - 2 curare-tipped darts (quivered)
 c - 16 stones
Armour
 d - a +0 helmet (worn)
 l - a +0 ring mail (worn)
 n - a +0 pair of gloves (worn)
Talismans
 h - a beast talisman
Scrolls
 g - a scroll of blinking {unknown}
Potions
 e - a potion of attraction
 i - a potion of ambrosia {unknown}
 o - a potion of degeneration {unknown}


   Skills:
 * Level 4.6 Fighting
 - Level 1.0 Maces & Flails
 - Level 2.6 Throwing
 * Level 2.9 Armour
 * Level 2.8 Dodging
 - Level 2.6 Stealth


You had 5 spell levels left.
You didn't know any spells.
Your spell library contained the following spells:

 Spells                   Type           Power      Damage    Failure   Level
 Fugue of the Fallen      Necr           0%         N/A       93%         3
 Ozocubu's Armour         Ice            0%         N/A       93%         3
 Manifold Assault         Tloc           0%         N/A       100%        4


Dungeon Overview and Level Annotations

Branches:
Dungeon (3/15)

Altars:


Innate Abilities, Weirdness & Mutations

You are mostly covered in icy blue scales. (AC +3)
You sometimes gain a little power by taking damage.
Your touch may inflict minor irresistible damage on your foes.


Message History

You are even more covered in liquid fire!
The goblin hits you with a +0 club.
You closely miss the goblin. The liquid fire burns you!
The goblin barely misses you.
You hit the goblin.
The goblin is moderately wounded.
The liquid fire burns you!
The bombardier beetle barely misses you.
The goblin barely misses you.
You hit the bombardier beetle but do no damage.
Lightning courses through the bombardier beetle!!
You kill the bombardier beetle!
The liquid fire burns you! The goblin hits you but does no damage.
You have reached level 6!
Your demonic ancestry asserts itself...
Your hands begin to faintly glow with unholy energy.
You barely miss the goblin. Your touch misses the goblin.
The goblin is moderately wounded.
The liquid fire burns you! The goblin hits you with a +0 club.
You barely miss the goblin. Your touch misses the goblin.
The goblin is moderately wounded.
The liquid fire burns you!
* * * LOW HITPOINT WARNING * * *
The goblin hits you but does no damage.
You hit the goblin. Lightning courses through the goblin!!
You kill the goblin!
The liquid fire burns you!
* * * LOW HITPOINT WARNING * * *
You shake off some of the fire as you move.
The liquid fire burns you!
* * * LOW HITPOINT WARNING * * *
You see here a +0 club.
You are on fire!
You are on fire!
You shake off some of the fire as you move.
The liquid fire burns you!
You die...

#.........# #.........# .#
#.........##.#
#.........##.#
##########.........##.#
...................##.#
.......###.........##.#
.......'.@)........##.####
.......###................
...$... ####.##.####.####
....... #.##..........
......? #.########.###
......g #.# #.... .......
#+########..## .......
............ .#######..##


There were no monsters in sight!

Vanquished Creatures
  A phantom (D:3)
  A bombardier beetle (D:3)
  6 gnolls (D:2)
  5 adders (D:2)
  A dart slug (D:2)
  A ribbon worm (D:2)
  3 ball pythons (D:1)
  3 endoplasms
  A giant cockroach (D:2)
  8 hobgoblins
  3 jackals (D:2)
  7 kobolds
  3 quokkas (D:2)
  3 bats
  2 frilled lizards
  5 goblins
  8 rats
61 creatures vanquished.

Notes
Turn   | Place    | Note
-------+----------+-------------------------------------------
     0 | D:1      | Chiseanne the Demonspawn Wanderer began the quest for the
                  | Orb.
     0 | D:1      | Chiseanne set off with the following items: a +2 dagger, 2
                  | curare-tipped darts, a +0 mace, a +0 helmet, a potion of
                  | attraction, a +0 leather armour.
     0 | D:1      | Reached XP level 1. HP: 18/18 MP: 1/1
   220 | D:1      | Gained mutation: You are partially covered in icy blue
                  | scales. (AC +2) [demonic ancestry]
   220 | D:1      | Reached XP level 2. HP: 22/24 MP: 2/2
   477 | D:1      | Reached skill level 1 in Dodging
   480 | D:1      | Reached skill level 1 in Armour
   913 | D:2      | Gained mutation: You sometimes gain a little power by
                  | taking damage. [demonic ancestry]
   913 | D:2      | Reached XP level 3. HP: 29/29 MP: 3/3
   954 | D:2      | Reached XP level 4. HP: 23/37 MP: 4/4
  1339 | D:2      | Reached skill level 4 in Fighting
  1544 | D:2      | Gained mutation: You are mostly covered in icy blue scales.
                  | (AC +3) [demonic ancestry]
  1544 | D:2      | Reached XP level 5. HP: 39/42 MP: 5/5
  2083 | D:3      | Noticed a phantom
  2096 | D:3      | Killed a phantom
  2108 | D:3      | Gained mutation: Your touch may inflict minor irresistible
                  | damage on your foes. [demonic ancestry]
  2108 | D:3      | Reached XP level 6. HP: 19/49 MP: 6/6
  2111 | D:3      | HP: 2/49 [burnt (5)]
  2112 | D:3      | Incinerated by a bombardier beetle

Illustrated notes

Levels and vault maps discovered:
D:1:      amcnicky_arrival_blooded_trapdoor, layout_rooms,
          minmay_misc_feat_four_crosses, roderic_serpentine_path,
          grunt_decor_resistance
D:2:      minmay_chambers_of_ones, layout_loops_cross
D:3:      layout_basic, grunt_decor_junction

Skill      XL: |  1  2  3  4 |
---------------+-------------+-----
Dodging        | 1 2 |  2.8
Armour         | 1 2 |  2.9
Fighting       | 4 |  4.6
Maces & Flails | |  1.0
Throwing       | |  2.6
Stealth        | |  2.6

Action                     |  1- 3 |  4- 6 || total
---------------------------+-------+-------++-------
  Melee: Dagger            |   116 |   113 ||   229
         Punch             |     2 |       ||     2
    Use: Scroll            |     4 |     5 ||     9
   Stab: Sleeping          |     1 |     5 ||     6
 Armour: Leather armour    |     8 |       ||     8
         Ring mail         |    62 |    83 ||   145
  Dodge: Dodged            |    50 |    70 ||   120
